 Dungeon Crawl Stone Soup version 0.30.1-4-g462c640d31 (webtiles) character file.

Game seed: 16980855099027427260

1451 leafyfresh the Covert (level 8, -8/80 HPs)
             Began as a Naga Delver on Aug 17, 2023.
             Was a Follower of Cheibriados.
             Mangled by an acid dragon (9 damage)
             ... on level 8 of the Dungeon on Aug 18, 2023.
             The game lasted 00:20:39 (9532 turns).

leafyfresh the Covert (Naga Delver)                 Turns: 9532, Time: 00:20:39

Health: -8/80      AC: -2    Str: 17    XL:     8   Next: 75%
Magic:  2/11       EV: 19    Int: 13    God:    Cheibriados [*.....]
Gold:   1198       SH:  0    Dex: 24    Spells: 1/11 levels left

rFire   . . .        s - melded +0 dagger (venom)
rCold   . . .        (shield currently unavailable)
rNeg    . . .        b - melded +0 leather armour
rPois   x            n - melded +0 helmet "Zoesecao" {Dex+3}
rElec   .            v - melded +0 cloak
rCorr   .            (gloves currently unavailable)
SInv    +            (no barding)
Will    +....        G - amulet of regeneration
Stlth   ++           D - ring of wizardry
HPRegen 1.13/turn    (no ring)
MPRegen 0.12/turn

%: wizardry (x1)
@: spider-form, corroded, very slightly contaminated, very slow
A: venomous fangs, AC +2, tiny, see invisible, (deformed body), (poison
resistance), (slowness 2), spit poison 1, (naga tail 1), (stinger 1), MP-powered
wands
a: Spit Poison, End Transformation, Renounce Religion, Bend Time


You were on level 8 of the Dungeon.
You worshipped Cheibriados.
Cheibriados was aware of your devotion.
You were a venomous arachnid creature.
You visited 2 branches of the dungeon, and saw 9 of its levels.

You collected 1198 gold pieces.

Inventory:

Hand Weapons
 a - a +0 short sword
 j - a +4 dire flail
 s - a +0 dagger of venom (melded)
 y - a +1 hammer of protection
 B - a +2 heavy hand axe
Missiles
 e - 3 atropa-tipped darts
Armour
 b - a +0 leather armour (melded)
 n - the +0 helmet "Zoesecao" (melded) {Dex+3}
   (You found it on level 3 of the Dungeon)

   Dex:       It affects your dexterity (+3).
 v - a +0 cloak (melded)
 E - the +0 robe "Sigetob" {Regen+ Int+6 Slay-5 SInv}
   (You took it off a kobold on level 4 of the Dungeon)

   Int:       It affects your intelligence (+6).
   Slay:      It affects your accuracy & damage with ranged weapons and melee
   (-5).
   SInv:      It lets you see invisible.
   Regen:     It increases your rate of health regeneration.
Jewellery
 x - a ring of fire
 z - a ring of ice
 D - a ring of wizardry (left front pincers)
 G - an amulet of regeneration (around neck)
Wands
 g - a wand of digging (2)
 i - a wand of paralysis (9)
 l - a wand of light (10)
 o - a wand of mindburst (3)
Scrolls
 c - a scroll of fog
 d - 4 scrolls of magic mapping
 f - 2 scrolls of silence
 h - a scroll of immolation
 k - a scroll of teleportation
 m - 2 scrolls of vulnerability {unknown}
 u - 2 scrolls of brand weapon
 A - 2 scrolls of amnesia {unknown}
 C - a scroll of enchant weapon {unknown}
 F - a scroll of fear
 H - a scroll of blinking
Potions
 p - 2 potions of attraction
 q - a potion of flight {unknown}
 r - a potion of heal wounds
 t - a potion of resistance
 w - 2 potions of curing {unknown}
 I - a potion of might
 J - a potion of lignification {unknown}


   Skills:
 - Level 7.3 Fighting
 - Level 2.0 Short Blades
 - Level 1.5 Dodging
 - Level 8.0 Stealth
 + Level 5.0 Unarmed Combat
 - Level 2.1 Spellcasting
 - Level 2.3 Conjurations
 - Level 2.7 Transmutations
 - Level 4.0 Poison Magic


You had one spell level left.
You knew the following spells:

 Your Spells              Type           Power      Damage    Failure   Level
a - Magic Dart            Conj           28%        1d4       10%         1
b - Mephitic Cloud        Conj/Pois/Air  6%         N/A       26%         3
c - Spider Form           Tmut/Pois      10%        N/A       16%         3
d - Ignite Poison         Fire/Tmut/Pois 7%         N/A       24%         3

Your spell library contained the following spells:

 Spells                   Type           Power      Damage    Failure   Level
 Beastly Appendage        Tmut           16%        N/A       9%          1
 Wereblood                Tmut           8%         N/A       12%         2
 Call Imp                 Summ           2%         N/A       28%         2
 Sticky Flame             Conj/Fire      4%         2d3       65%         4
 Ignition                 Fire           0%         3d3       100%        8


Dungeon Overview and Level Annotations

Branches:
Dungeon (8/15)             Temple (1/1) D:6
   Lair: D:8-11

Altars:
Ashenzari
Cheibriados
Dithmenos
Elyvilon
Gozag
Hepliaklqana
Kikubaaqudgha
Makhleb
Nemelex Xobeh
Okawaru
Qazlal
Ru
Sif Muna
Trog
Uskayaw
Vehumet
Wu Jian
Xom
Yredelemnul
Zin
The Shining One

Shops:
D:8 ?

Annotations:
D:6 3 runed translucent doors, lxXxl's ghost, novice MiWn


Innate Abilities, Weirdness & Mutations

You are a venomous arachnid creature.
You have venomous fangs.
You are tiny and dextrous.
Your spellcasting is less reliable in this form.
Your armour is entirely melded.
You are incapable of wielding weapons or throwing items.
((Your serpentine skin is tough. (AC +2)))
You have supernaturally acute eyesight. (SInv)
((Armour fits poorly on your strangely shaped body.))
((Your system is resistant to poisons. (rPois)))
((You cover ground very slowly.))
You can spit poison.
((You have a snake-like lower body.))
((Your tail ends in a venomous barb.))
You expend magic power (3 MP) to strengthen your wands.


Message History

Aiming: Mephitic Cloud (dangerous; 16% risk of failure)
Press: ? - help, Shift-Dir - straight line, f - acid dragon
Aim: an acid dragon (not susceptible)
The ball explodes into a vile cloud!
The stinking cloud engulfs the acid dragon but does no damage.
You hear a shout!
An electric eel comes into view.
Unknown command.
Casting: Mephitic Cloud (dangerous; 16% risk of failure)
Confirm with . or Enter, or press ? or * to list all spells.
Okay, then.
Casting: Mephitic Cloud (dangerous; 16% risk of failure)
Confirm with . or Enter, or press ? or * to list all spells.
You miscast Spider Form.
You are very lightly contaminated with residual magic.
Nothing appears to happen.
The unseen horror simulacrum splashes around in the water.
The acid dragon bites you.
The acid dragon claws you but does no damage.
Casting: Spider Form (dangerous; 9% risk of failure)
Confirm with . or Enter, or press ? or * to list all spells.
You turn into a venomous arachnid creature.
Your +0 dagger of venom melds into your body.
Your +0 cloak melds into your body.
The +0 helmet "Zoesecao" {Dex+3} melds into your body.
Your +0 leather armour melds into your body.
Your +0 dagger of venom stops dripping with poison.
The acid dragon spits acid at you. The splash of acid hits you!
The acid corrodes you!
You completely miss the wolf. The unseen horror simulacrum hits you.
The unseen horror simulacrum freezes you!
The unseen horror simulacrum hits you.
The unseen horror simulacrum freezes you!!
* * * LOW HITPOINT WARNING * * *
The wolf misses you. The unseen horror simulacrum hits you!
* * * LOW HITPOINT WARNING * * *
The unseen horror simulacrum freezes you!
* * * LOW HITPOINT WARNING * * *
The acid dragon bites you!
You die...

#.#####..8.
..############.#........
....=.........>#.###.##.
~~....#.#....###.....##.
......#.#..........#.##.
......#.................
~~~.~...........#..#####
..~S~~hZ>#~~).#.#.##
~.....Ds~~..#.#.#.#
......#..####.#.#.#
.###..........#.#.######
####.#######......#..
..........##.##.#.#
##########.#.......<
#........#. #...#......
##..##.#).##


You could see an acid dragon (catching breath), a wolf, an electric eel and an
unseen horror simulacrum.

Vanquished Creatures
  Prince Ribbit (D:5)
  An ogre (D:5)
  A phantom (D:6)
  Blork the orc (D:4)
  2 bullfrogs
  2 scorpions (D:7)
  5 wights (D:7)
  A howler monkey (D:5)
  3 hounds
  Crazy Yiuf (D:3)
  An orc priest (D:4)
  A jelly (D:6)
  2 iguanas
  3 gnolls (D:3)
  9 adders
  3 shadow imps
  A white imp (D:6)
  An ufetubus (D:5)
  5 dart slugs
  2 worms
  8 orcs
  A bat zombie (D:3)
  8 endoplasms
  5 giant cockroaches
  6 goblins
  6 hobgoblins
  6 jackals
  11 kobolds
  7 quokkas
  5 ball pythons
  7 bats
  6 frilled lizards
  5 rats
  2 rat zombies (D:3)
129 creatures vanquished.

Vanquished Creatures (others)
  A goblin (D:3)
1 creature vanquished.

Grand Total: 130 creatures vanquished

Notes
Turn   | Place    | Note
-------+----------+-------------------------------------------
     0 | D:5      | leafyfresh the Naga Delver began the quest for the Orb.
     0 | D:5      | Reached XP level 1. HP: 21/21 MP: 1/1
     2 | D:5      | Noticed Prince Ribbit
    14 | D:4      | Found an ornate altar of the Wu Jian Council.
    27 | D:4      | Reached skill level 8 in Stealth
    27 | D:4      | Reached XP level 2. HP: 28/28 MP: 2/2
    38 | D:4      | Reached XP level 3. HP: 36/36 MP: 3/3
   145 | D:4      | Noticed Blork the orc
   194 | D:3      | Identified the +0 helmet "Zoesecao" {Dex+3}
   321 | D:3      | Reached XP level 4. HP: 32/44 MP: 4/4
   878 | D:2      | Found a faded altar of an unknown god.
  1255 | D:2      | Reached skill level 5 in Fighting
  1429 | D:1      | Reached XP level 5. HP: 52/52 MP: 5/5
  2349 | D:1      | Identified a scroll of acquirement
  3429 | D:3      | Found a stormy altar of Qazlal.
  4551 | D:3      | Found an ancient bone altar of Kikubaaqudgha.
  4697 | D:3      | Found a runed translucent door.
  4698 | D:3      | Noticed Crazy Yiuf
  4988 | D:5      | Gained mutation: Your magical capacity is low. (-10% MP)
                  | [potion of mutation]
  4988 | D:5      | Gained mutation: You occasionally lose the ability to read
                  | scrolls when taking damage. [potion of mutation]
  4988 | D:5      | Gained mutation: You are somewhat resistant to further
                  | mutation. [potion of mutation]
  4991 | D:5      | Reached XP level 6. HP: 35/62 MP: 5/5
  4997 | D:5      | Killed Prince Ribbit
  5310 | D:6      | Found a staircase to the Ecumenical Temple.
  5319 | Temple   | Entered the Ecumenical Temple
  5512 | Temple   | Acquired 875 gold pieces
  5558 | D:6      | Reached XP level 7. HP: 61/72 MP: 6/6
  5560 | D:6      | Learned a level 1 spell: Magic Dart
  5663 | D:6      | Found a runed translucent gate.
  5664 | D:6      | Found a runed translucent gate.
  5665 | D:6      | Found a runed translucent gate.
  5666 | D:6      | Noticed lxXxl's ghost (novice MiWn)
  5681 | D:6      | Found a snail-covered altar of Cheibriados.
  5692 | D:6      | Became a worshipper of Cheibriados the Contemplative
  5722 | D:6      | Reached skill level 1 in Spellcasting
  5722 | D:6      | Reached skill level 1 in Conjurations
  6085 | D:6      | Lost mutation: Your magical capacity is low. (-10% MP)
                  | [potion of mutation]
  6085 | D:6      | Lost mutation: You are somewhat resistant to further
                  | mutation. [potion of mutation]
  6085 | D:6      | Lost mutation: You occasionally lose the ability to read
                  | scrolls when taking damage. [potion of mutation]
  6085 | D:6      | Gained mutation: You expend magic power (3 MP) to
                  | strengthen your wands. [potion of mutation]
  6085 | D:6      | Gained mutation: Your tail ends in a venomous barb. [potion
                  | of mutation]
  6986 | D:5      | Learned a level 3 spell: Mephitic Cloud
  7005 | D:5      | Learned a level 3 spell: Spider Form
  7215 | D:5      | Reached skill level 1 in Transmutations
  7215 | D:5      | Reached skill level 1 in Poison Magic
  7660 | D:5      | Found a bloodstained altar of Trog.
  7829 | D:4      | Reached XP level 8. HP: 67/80 MP: 11/11
  7895 | D:4      | Reached * piety under Cheibriados
  8033 | D:4      | Killed Blork the orc
  8061 | D:4      | Identified the +0 robe "Sigetob" {Regen+ Int+6 Slay-5 SInv}
  8224 | D:3      | Killed Crazy Yiuf
  8433 | D:5      | Learned a level 3 spell: Ignite Poison
  8607 | D:7      | Reached skill level 1 in Unarmed Combat
  8768 | D:7      | Found a glowing silver altar of Zin.
  8768 | D:7      | Found an opulent altar of Gozag.
  9480 | D:8      | Reached skill level 5 in Unarmed Combat
  9489 | D:8      | Found Cynkosesch's Magic Scroll Shop.
  9532 | D:8      | HP: 1/80 [unseen horror simulacrum (14)]
  9532 | D:8      | Mangled by an acid dragon

Illustrated notes

Levels and vault maps discovered:
D:1:      tekkud_arrival_beachfront_property, layout_loops_ring,
          bh_walls_and_bars
D:2:      layout_basic, shapermc_ecumenical_altar_notcrosses,
          nicolae_elevator_lobby_plus
D:3:      layout_loops_ring, nicolae_qazlal_scattered_showers,
          lemuel_zombie_altar_kikubaaqudgha, uniq_crazy_yiuf_cottage
D:4:      cheibrodos_old_hovel, layout_rooms, nicolae_wu_jian_wuxing_cycle,
          uniq_blork_the_orc
D:5:      layout_basic, trog_book, uniq_prince_ribbit1
D:6:      layout_gridville, kennysheep_slug_shrine, minmay_temple_entry_slanted,
          biasface_ghost_orc_armoury
D:7:      layout_loops_cross, grunt_temple_overflow_gold_and_silver
D:8:      minmay_the_grid_triangle_9x9_rhombus_thin
          [minmay_the_grid_triangle_9x9_wacky_v,
          minmay_the_grid_triangle_9x9_prize_schism,
          minmay_the_grid_triangle_9x9_flanged_cone,
          minmay_the_grid_triangle_9x9_semitri], layout_basic, serial_ice,
          serial_ice_a, serial_ice_f, serial_ice_o, serial_ice_k, serial_shops,
          nicolae_shop_statue_plus, shop, nicolae_shop_pleasant_corner_grove,
          shop_statue, shop, small_chamber_with_monster
Temple:   nicolae_temple_bog_church

Skill      XL: |  1  2  3  4  5  6  7  8 |
---------------+-------------------------+-----
Stealth        | 8 |  8.0
Fighting       | 4 5 6 7 |  7.3
Spellcasting   | 2 |  2.1
Conjurations   | 2 |  2.3
Transmutations | 2 |  2.7
Poison Magic   | 2 4 |  4.0
Unarmed Combat | 5 |  5.0
Short Blades   | |  2.0
Dodging        | |  1.5

Action                     |  1- 3 |  4- 6 |  7- 9 || total
---------------------------+-------+-------+-------++-------
  Melee: Short sword       |    26 |    96 |       ||   122
         Punch             |       |     1 |     3 ||     4
         Dagger            |       |   125 |   154 ||   279
         Unarmed           |       |       |    23 ||    23
   Cast: Spider Form       |       |       |     3 ||     3
         Mephitic Cloud    |       |       |     1 ||     1
Ability: Spit Poison       |     2 |    12 |     3 ||    17
  Evoke: Wand              |     1 |     9 |       ||    10
    Use: Scroll            |       |    11 |     4 ||    15
         Potion            |       |     3 |     5 ||     8
   Stab: Sleeping          |     5 |    17 |    15 ||    37
 Armour: Leather armour    |     8 |    94 |    47 ||   149
  Dodge: Dodged            |    17 |   114 |    79 ||   210
